[Event "Titled Tuesday Blitz July 4 Early 2023"]
[White "Ljukin, Sergei"]
[Black "Rozhkov, Viacheslav"]
[WhiteFideId "14102200"]
[BlackFideId "4181484"]
[WhiteElo "2520"]
[BlackElo "2388"]
[Result "1/2-1/2"]
[Round "8"]
[TimeControl "180+2"]
[Date "2023.07.04"]
[WhiteClock "0:00:04"]
[BlackClock "0:00:04"]
[Board "123"]

1. e4 c5 2. Nf3 Nc6 3. d4 cxd4 4. Nxd4 Nf6 5. Nc3 e6 6. Nxc6 bxc6 7. e5 Nd5 8. Ne4 Qc7 9. f4 Rb8 10. Be2 Be7 11. O-O O-O 12. Kh1 f5 13. Nd6 Bxd6 14. exd6 Qb6 15. Rf3 Ba6 16. c4 Nf6 17. b3 Ng4 18. Qe1 Qd4 19. Bd2 Qxd6 20. h3 Nf6 21. Bc3 c5 22. Rd1 Qc6 23. Rfd3 Rbe8 24. Bf3 Qb6 25. Bxf6 Rxf6 26. Rxd7 Bc8 27. R7d6 Qc7 28. Qe5 Rff8 29. Qb2 Rd8 30. Qd2 Rxd6 31. Qxd6 Qa5 32. a4 Qb4 33. Rd3 Qe1+ 34. Kh2 Qf2 35. Rd1 Qe3 36. Rd3 Qf2 37. Qe5 Qc2 38. Qe3 h6 39. Rd6 Kh7 40. Qxc5 Qxb3 41. Rc6 Bb7 42. Qxf8 Bxc6 43. Bxc6 Qxc4 44. Bf3 Qxf4+ 45. Kg1 Qe3+ 46. Kh2 Qf4+ 47. Kg1 Qe3+ 48. Kf1 Qc1+ 49. Kf2 Qd2+ 50. Kg3 Qg5+ 51. Kf2 Qd2+ 52. Be2 Qf4+ 53. Ke1 Qc1+ 54. Kf2 Qf4+ 55. Kg1 Qe3+ 56. Kf1 Qc1+ 57. Kf2 Qf4+ 1/2-1/2


[Site "https://www.chess.com"]

[Event "Titled Tuesday Blitz July 4 Early 2023"]
[White "Yelisieiev, Yevhenii"]
[Black "Wartiovaara, Oliver"]
[WhiteFideId "14139642"]
[BlackFideId "513024"]
[WhiteElo "2519"]
[BlackElo "2387"]
[Result "1-0"]
[Round "8"]
[TimeControl "180+2"]
[Date "2023.07.04"]
[WhiteClock "0:00:58"]
[BlackClock "0:00:25"]
[Board "124"]

1. d4 d5 2. Nf3 c6 3. c4 e6 4. Nc3 dxc4 5. a4 Bb4 6. e3 b5 7. Bd2 Nf6 8. axb5 Bxc3 9. Bxc3 cxb5 10. b3 Ne4 11. Ba5 Qd5 12. bxc4 bxc4 13. Ne5 Ba6 14. Nxc4 Bxc4 15. Qa4+ Qc6 16. Bxc4 Qxa4 17. Rxa4 Nc6 18. O-O Ke7 19. Rfa1 Rhc8 20. Be1 Nd6 21. Bd3 a5 22. f3 f5 23. Kf2 Rab8 24. R1a2 e5 25. dxe5 Nxe5 26. Ba6 Rc1 27. Rxa5 Rb3 28. Rxe5+ 1-0


[Site "https://www.chess.com"]

[Event "Titled Tuesday Blitz July 4 Early 2023"]
[White "Topalov, Aleksandar"]
[Black "only_strong_moves"]
[WhiteFideId "925659"]
[WhiteElo "2384"]
[BlackElo "2519"]
[Result "1-0"]
[Round "8"]
[TimeControl "180+2"]
[Date "2023.07.04"]
[WhiteClock "0:00:10"]
[BlackClock "0:00:13"]
[Board "125"]

1. b3 e5 2. Bb2 Nc6 3. c4 f5 4. e3 Nf6 5. Nf3 d6 6. d4 e4 7. d5 Nb8 8. Ng5 h6 9. Nh3 Nbd7 10. Be2 Ne5 11. Nf4 g5 12. Bh5+ Nf7 13. Ne6 Qe7 14. Bxf6 Qxf6 15. Nxc7+ Kd8 16. Nxa8 Qxa1 17. Bxf7 Qf6 18. Be6 Bxe6 19. dxe6 Qxe6 20. Nc3 Qe5 21. Nd5 Kd7 22. O-O Be7 23. b4 Rxa8 24. Qa4+ Kd8 25. Qa5+ b6 26. Qa6 Rc8 27. Rd1 f4 28. Qxa7 f3 29. Qxb6+ Ke8 30. Qb7 Qe6 31. Qxe7+ Qxe7 32. Nxe7 Kxe7 33. Rd4 Ra8 34. Rxe4+ Kf6 35. gxf3 Rxa2 36. h4 Ra1+ 37. Kg2 Rb1 38. hxg5+ hxg5 39. b5 Rb4 40. Kg3 Rb1 41. Rd4 Ke5 42. Rd5+ Ke6 43. Rxg5 Rg1+ 44. Kf4 Rc1 45. Rg6+ Kd7 46. Rg7+ Kc8 47. b6 Rxc4+ 48. Kf5 Rc5+ 49. Ke6 Re5+ 50. Kxd6 Re8 51. e4 Kb8 52. e5 Rd8+ 53. Rd7 Rc8 54. e6 Re8 55. e7 Rc8 56. Rd8 Kb7 57. Rxc8 Ka6 58. e8=Q Ka5 59. Ra8+ Kb4 60. Qa4+ Kc3 61. Qa3+ Kd2 62. Qb2+ Ke1 63. Ra1# 1-0


[Site "https://www.chess.com"]

[Event "Titled Tuesday Blitz July 4 Early 2023"]
[White "Fernandez Siles, Luis"]
[Black "David, Bogdan-Emanuel"]
[WhiteFideId "2209420"]
[BlackFideId "1229907"]
[WhiteElo "2380"]
[BlackElo "2517"]
[Result "0-1"]
[Round "8"]
[TimeControl "180+2"]
[Date "2023.07.04"]
[WhiteClock "0:00:08"]
[BlackClock "0:00:18"]
[Board "126"]

1. e4 c5 2. Nf3 Nc6 3. d4 cxd4 4. Nxd4 e5 5. Nb5 d6 6. N1c3 a6 7. Na3 b5 8. Nd5 Nge7 9. c4 Nxd5 10. cxd5 Nd4 11. Be3 Be7 12. Nc2 Nxc2+ 13. Qxc2 O-O 14. Bd3 Qa5+ 15. Bd2 Qb6 16. Be3 Qa5+ 17. Bd2 Qd8 18. O-O Bd7 19. a4 bxa4 20. Bb4 Qb6 21. Qd2 Rfb8 22. Ba3 Qd4 23. Qe2 Bb5 24. Rfd1 Qb6 25. Rac1 Bg5 26. Rc2 Rc8 27. g3 Bh6 28. Kg2 g6 29. h4 Bd7 30. Rxc8+ Bxc8 31. h5 Bd7 32. hxg6 hxg6 33. Rh1 Bg7 34. Rc1 f5 35. exf5 gxf5 36. Rh1 e4 37. Bb1 Qd4 38. Bxd6 Qxd5 39. Ba3 Bb5 40. Qh5 e3+ 41. Kh3 Qxh1# 0-1


[Site "https://www.chess.com"]

[Event "Titled Tuesday Blitz July 4 Early 2023"]
[White "gueraumasague"]
[Black "Barbot, Pierre"]
[BlackFideId "663727"]
[WhiteElo "2517"]
[BlackElo "2376"]
[Result "1-0"]
[Round "8"]
[TimeControl "180+2"]
[Date "2023.07.04"]
[WhiteClock "0:00:47"]
[BlackClock "0:00:00"]
[Board "127"]

1. e4 c5 2. Nc3 Nc6 3. Bb5 Nd4 4. Nf3 a6 5. Bd3 g6 6. Nxd4 cxd4 7. Ne2 Bg7 8. c3 dxc3 9. bxc3 d5 10. O-O dxe4 11. Bxe4 Nf6 12. Bf3 O-O 13. Rb1 Rb8 14. d4 b5 15. Bf4 Rb6 16. a4 Nd5 17. axb5 Nxf4 18. Nxf4 axb5 19. Re1 Bf5 20. Rb4 e5 21. Nd5 Rd6 22. dxe5 Rd7 23. Rxb5 Be6 24. c4 Re8 25. Qd4 Qg5 26. h4 Qf5 27. h5 Bxd5 28. Rxd5 Rxd5 29. Qxd5 Rxe5 30. Qd8+ Bf8 31. Ra1 Rc5 32. Ra8 1-0


[Site "https://www.chess.com"]

[Event "Titled Tuesday Blitz July 4 Early 2023"]
[White "Labussiere, Yago"]
[Black "Novikov, Evgenij"]
[WhiteFideId "2186969"]
[BlackFideId "4125380"]
[WhiteElo "2376"]
[BlackElo "2513"]
[Result "1-0"]
[Round "8"]
[TimeControl "180+2"]
[Date "2023.07.04"]
[WhiteClock "0:01:16"]
[BlackClock "0:00:00"]
[Board "128"]

1. d4 d5 2. c4 e6 3. Nf3 Nf6 4. cxd5 exd5 5. Nc3 c6 6. Bg5 Bf5 7. Qb3 Bc8 8. O-O-O Be7 9. e3 h6 10. Bxf6 Bxf6 11. Bd3 O-O 12. Rhg1 Qb6 13. g4 Qxb3 14. axb3 g5 15. h4 b5 16. Ne2 Re8 17. Ng3 Bxg4 18. hxg5 hxg5 19. Be2 Bxf3 20. Bxf3 Kf8 21. Nf5 Nd7 22. Rh1 Re6 23. Rh7 Ke8 24. Bh5 Kd8 25. Bxf7 Nf8 26. Rh6 Kd7 27. Rdh1 a5 28. Bxe6+ Kxe6 29. Ng7+ Kf7 30. Nh5 Nd7 31. Nxf6 Nxf6 32. Rh8 Ra7 33. Rc8 a4 34. bxa4 bxa4 35. Rxc6 a3 36. bxa3 Rxa3 37. Kb2 Ra7 38. Rg1 Rb7+ 39. Kc2 Ne4 40. f3 1-0


[Site "https://www.chess.com"]

[Event "Titled Tuesday Blitz July 4 Early 2023"]
[White "Ahn, Hongjin"]
[Black "Liu, Casper"]
[WhiteFideId "13201492"]
[BlackFideId "1454153"]
[WhiteElo "2375"]
[BlackElo "2512"]
[Result "1-0"]
[Round "8"]
[TimeControl "180+2"]
[Date "2023.07.04"]
[WhiteClock "0:00:08"]
[BlackClock "0:00:27"]
[Board "129"]

1. f4 b6 2. Nf3 Bb7 3. g3 e6 4. Bg2 Nf6 5. O-O Be7 6. d3 d5 7. Nc3 O-O 8. Qe1 Na6 9. a3 Nc5 10. b4 Ncd7 11. e4 dxe4 12. dxe4 a5 13. b5 Nc5 14. Bb2 Ncxe4 15. Nxe4 Nxe4 16. Ng5 Nd6 17. Bxb7 Nxb7 18. Qe4 Bxg5 19. fxg5 Nd6 20. Qe5 Ne8 21. Rad1 Qe7 22. Kg2 a4 23. h4 Qc5 24. h5 Qxc2+ 25. Kh3 Qc5 26. h6 Qxe5 27. Bxe5 Ra5 28. Rd7 Rxb5 29. hxg7 Nxg7 30. Bf6 Nf5 31. Rfd1 Rb3 32. Rd8 Rxg3+ 33. Kh2 Nd6 34. Rxf8+ Kxf8 35. Kxg3 Ke8 36. Kf4 Kd7 37. Be5 b5 38. Bxd6 cxd6 39. Rh1 Kc6 40. Rxh7 Kc5 41. Rxf7 Kc4 42. g6 b4 43. axb4 a3 44. Ra7 Kb3 45. g7 a2 46. g8=Q Kb2 47. Qg7+ Kb1 48. Rxa2 Kxa2 49. b5 e5+ 50. Ke3 Ka3 51. b6 d5 52. b7 d4+ 53. Kd3 e4+ 54. Kxd4 e3 55. b8=Q e2 56. Qga7# 1-0


[Site "https://www.chess.com"]

[Event "Titled Tuesday Blitz July 4 Early 2023"]
[White "Gaal, Zsoka"]
[Black "Guliev, Logman"]
[WhiteFideId "777765"]
[BlackFideId "13400061"]
[WhiteElo "2369"]
[BlackElo "2502"]
[Result "0-1"]
[Round "8"]
[TimeControl "180+2"]
[Date "2023.07.04"]
[WhiteClock "0:00:03"]
[BlackClock "0:01:07"]
[Board "130"]

1. Nf3 Nf6 2. b3 g6 3. Bb2 Bg7 4. g3 c6 5. Bg2 d5 6. O-O O-O 7. c4 Bg4 8. d4 e6 9. Nbd2 Nbd7 10. h3 Bxf3 11. Nxf3 Ne4 12. e3 f5 13. Ba3 Rf7 14. Qc2 g5 15. Bb2 Qf6 16. Rad1 Raf8 17. Ne5 Nxe5 18. dxe5 Qg6 19. cxd5 cxd5 20. g4 fxg4 21. Bxe4 dxe4 22. hxg4 h5 23. Qe2 Rf3 24. Kg2 hxg4 25. Ba3 Qh5 26. Rh1 Rxf2+ 27. Qxf2 Rxf2+ 28. Kxf2 g3+ 29. Kxg3 Qf3+ 30. Kh2 Bxe5+ 31. Kg1 Qxd1+ 0-1


[Site "https://www.chess.com"]

[Event "Titled Tuesday Blitz July 4 Early 2023"]
[White "Fernandez, Michael"]
[Black "Postlmayer, Jakob"]
[WhiteFideId "5803560"]
[BlackFideId "1643622"]
[WhiteElo "2364"]
[BlackElo "2497"]
[Result "0-1"]
[Round "8"]
[TimeControl "180+2"]
[Date "2023.07.04"]
[WhiteClock "0:00:03"]
[BlackClock "0:01:03"]
[Board "131"]

1. c4 Nf6 2. g3 g6 3. Bg2 Bg7 4. Nc3 O-O 5. e4 d6 6. Nge2 c5 7. d3 Nc6 8. O-O a6 9. Bf4 e5 10. Bg5 h6 11. Bd2 Rb8 12. Nd5 b5 13. b3 Nxd5 14. cxd5 Ne7 15. Rc1 f5 16. f4 Kh7 17. b4 fxe4 18. dxe4 c4 19. fxe5 Bxe5 20. Rxf8 Qxf8 21. Bc3 Qg7 22. Qd2 Bd7 23. Rf1 Bxc3 24. Nxc3 Rf8 25. Rxf8 Qxf8 26. Qe3 Qf6 27. Ne2 Bg4 28. Nd4 Qe5 29. Nc6 Qa1+ 30. Bf1 Bh3 31. Qf4 Ng8 32. Qf7+ Kh8 33. Nd8 c3 34. Ne6 Qxf1+ 35. Qxf1 Bxf1 36. Kxf1 0-1


[Site "https://www.chess.com"]

[Event "Titled Tuesday Blitz July 4 Early 2023"]
[White "Toolin, Christopher"]
[Black "Yedidia, Daniel"]
[WhiteFideId "2024543"]
[BlackFideId "30905907"]
[WhiteElo "2355"]
[BlackElo "2495"]
[Result "1-0"]
[Round "8"]
[TimeControl "180+2"]
[Date "2023.07.04"]
[WhiteClock "0:00:15"]
[BlackClock "0:00:02"]
[Board "132"]

1. Nf3 b6 2. d4 Nf6 3. c4 e6 4. a3 Bb7 5. Nc3 c5 6. d5 exd5 7. cxd5 d6 8. g3 g6 9. Bg2 Bg7 10. O-O O-O 11. Nd2 Ne8 12. Nc4 Nc7 13. a4 Ba6 14. Qb3 Re8 15. e4 Qe7 16. Bf4 Bxc4 17. Qxc4 Nd7 18. Rfe1 a6 19. Qb3 Rab8 20. h4 h6 21. Bh3 Ne5 22. Bxe5 Bxe5 23. Qc2 b5 24. axb5 axb5 25. Ra7 b4 26. Nd1 Ra8 27. Qa4 Rxa7 28. Qxa7 Nxd5 29. Qa4 Nc7 30. b3 Ne6 31. Ne3 Rd8 32. Nd5 Qd7 33. Qa5 Kg7 34. f4 Bd4+ 35. Kh2 Re8 36. f5 gxf5 37. exf5 Bf6 38. fxe6 fxe6 39. Nf4 Rf8 40. Nxe6+ Kh7 41. Nxf8+ 1-0


[Site "https://www.chess.com"]

[Event "Titled Tuesday Blitz July 4 Early 2023"]
[White "Gheorghiu, Calin"]
[Black "Cardozo Munar, Carlos Eduardo"]
[WhiteFideId "1200305"]
[BlackFideId "4409477"]
[WhiteElo "2490"]
[BlackElo "2330"]
[Result "0-1"]
[Round "8"]
[TimeControl "180+2"]
[Date "2023.07.04"]
[WhiteClock "0:00:31"]
[BlackClock "0:01:18"]
[Board "133"]

1. e4 e6 2. d4 d5 3. Nd2 Nf6 4. e5 Nfd7 5. c3 c5 6. Ngf3 Nc6 7. Bd3 Qb6 8. dxc5 Nxc5 9. Bc2 Bd7 10. O-O g6 11. b4 Ne4 12. Nxe4 dxe4 13. Bxe4 Bg7 14. Bf4 Qc7 15. Re1 O-O 16. b5 Na5 17. a4 Rad8 18. Qe2 b6 19. Rac1 Bc8 20. Bg5 Rd7 21. Qe3 Nc4 22. Qf4 Nxe5 23. Nxe5 Bxe5 24. Qh4 Bg7 25. Re3 Bb7 26. Rh3 h5 27. Bxb7 Qxb7 28. Bf6 Qd5 29. Re3 Rc8 30. c4 Rxc4 0-1


[Site "https://www.chess.com"]

[Event "Titled Tuesday Blitz July 4 Early 2023"]
[White "Mica, Marek"]
[Black "Rodriguez Santiago, Jaime"]
[WhiteFideId "382884"]
[BlackFideId "3100898"]
[WhiteElo "2485"]
[BlackElo "2324"]
[Result "1-0"]
[Round "8"]
[TimeControl "180+2"]
[Date "2023.07.04"]
[WhiteClock "0:02:12"]
[BlackClock "0:00:20"]
[Board "134"]

1. d4 Nf6 2. c4 e6 3. Nf3 d5 4. g3 dxc4 5. Bg2 c5 6. O-O Nc6 7. dxc5 Qxd1 8. Rxd1 Bxc5 9. Nbd2 c3 10. bxc3 O-O 11. Nb3 Be7 12. Nfd4 Bd7 13. a4 Rfc8 14. Nb5 Be8 15. Bf4 e5 16. Be3 a6 17. Nd6 Bxd6 18. Rxd6 Rab8 19. Bb6 Nd7 20. a5 Nxb6 21. axb6 f6 22. Nc5 Kf7 23. Rad1 Ne7 24. Nxb7 Rxc3 25. Nd8+ Kg6 26. b7 Rb3 27. Rxa6 Nf5 28. Ra8 R3xb7 29. Bxb7 1-0


[Site "https://www.chess.com"]

[Event "Titled Tuesday Blitz July 4 Early 2023"]
[White "Torres Hernandez, Leslie Carolin"]
[Black "Rizzo, Tobias"]
[WhiteFideId "8400504"]
[BlackFideId "30942691"]
[WhiteElo "2317"]
[BlackElo "2481"]
[Result "1-0"]
[Round "8"]
[TimeControl "180+2"]
[Date "2023.07.04"]
[WhiteClock "0:00:44"]
[BlackClock "0:00:09"]
[Board "135"]

1. e4 c5 2. Nf3 e6 3. d4 cxd4 4. Nxd4 Nf6 5. Bd3 Nc6 6. Nxc6 bxc6 7. O-O d5 8. Nc3 Be7 9. Qe2 O-O 10. Rd1 Qb6 11. b3 e5 12. exd5 Bg4 13. Qxe5 Bxd1 14. Qxe7 Rfe8 15. Qd6 Bxc2 16. Bf1 Qd4 17. Bb2 Rad8 18. Qg3 Ne4 19. Qf4 c5 20. Nd1 Qxd5 21. Ne3 Qd2 22. Bb5 Rf8 23. Rf1 Bd3 24. Bxd3 Qxd3 25. Qg4 f6 26. h4 Nd2 27. Rc1 Qe4 28. Qg3 Rfe8 29. Bxf6 Rd7 30. Bb2 c4 31. bxc4 a6 32. c5 Rc7 33. Qxc7 Re7 34. Qd8+ Kf7 35. Qxd2 Qc6 36. Qd5+ Qxd5 37. Nxd5 Rd7 38. c6 Rd8 39. c7 Rc8 40. Nb6 Ke7 41. Nxc8+ Kd7 42. Nb6+ Ke7 43. c8=Q Kf7 44. Qf5+ Ke7 45. Rc7+ Kd6 46. Qd7# 1-0


[Site "https://www.chess.com"]

[Event "Titled Tuesday Blitz July 4 Early 2023"]
[White "Sokolov, Andrei"]
[Black "Reprintsev, Alexander"]
[WhiteFideId "11600306"]
[BlackFideId "14100541"]
[WhiteElo "2312"]
[BlackElo "2478"]
[Result "0-1"]
[Round "8"]
[TimeControl "180+2"]
[Date "2023.07.04"]
[WhiteClock "0:00:06"]
[BlackClock "0:00:29"]
[Board "136"]

1. d4 d5 2. c4 e5 3. dxe5 d4 4. Nf3 Nc6 5. e3 Bb4+ 6. Bd2 dxe3 7. fxe3 Bxd2+ 8. Qxd2 Qxd2+ 9. Nbxd2 Nge7 10. Bd3 Bf5 11. Bxf5 Nxf5 12. Kf2 O-O-O 13. Rad1 h6 14. Nb3 Nb4 15. Nfd4 Ne7 16. a3 Nbc6 17. e6 Ne5 18. exf7 Rhf8 19. Ne6 Rxf7+ 20. Ke2 Re8 21. c5 Nf5 22. Ned4 Nc4 23. Nxf5 Rxf5 24. Rd3 Nxb2 25. Rc3 Ref8 26. e4 Rf2+ 27. Ke3 Rxg2 28. Nd4 a6 29. Rb1 Rxh2 30. Ne2 Rh3+ 31. Kd2 Rd8+ 32. Kc2 Rxc3+ 33. Kxc3 Nd3 34. Rd1 Nxc5 35. Rg1 Nxe4+ 36. Kc4 Nd6+ 37. Kd4 Nf5+ 38. Ke5 Re8+ 39. Kxf5 Rxe2 40. Rxg7 Ra2 41. Ke6 Kb8 42. Rg6 Rxa3 43. Rxh6 Rd3 44. Rh7 a5 45. Rh4 b6 46. Ke5 Kb7 47. Ke4 Rd6 48. Ke3 b5 49. Rh5 Kb6 50. Rh4 c5 51. Rh5 a4 52. Rh4 b4 53. Rh2 a3 54. Rh1 Kb5 55. Rb1 a2 56. Ra1 b3 57. Rc1 b2 58. Rc2 b1=Q 59. Rxa2 Qxa2 0-1


[Site "https://www.chess.com"]

[Event "Titled Tuesday Blitz July 4 Early 2023"]
[White "UNSTOPPABLE_LEGEND"]
[Black "Zaksaite, Salomeja"]
[BlackFideId "12801496"]
[WhiteElo "2473"]
[BlackElo "2303"]
[Result "1-0"]
[Round "8"]
[TimeControl "180+2"]
[Date "2023.07.04"]
[WhiteClock "0:01:05"]
[BlackClock "0:00:09"]
[Board "137"]

1. b3 e5 2. Bb2 Nc6 3. e3 f5 4. Bb5 Bd6 5. Nf3 Qe7 6. d4 e4 7. Nfd2 Nf6 8. c4 a6 9. Bxc6 bxc6 10. c5 Bxc5 11. dxc5 Qxc5 12. O-O O-O 13. Nc3 d5 14. Rc1 Qd6 15. Ncb1 Ng4 16. g3 Qh6 17. h4 g5 18. Qc2 gxh4 19. Qxc6 Be6 20. Qxc7 hxg3 21. Qxg3 Kf7 22. Rc7+ Ke8 23. Bg7 Qh5 24. Bxf8 1-0


[Site "https://www.chess.com"]

[Event "Titled Tuesday Blitz July 4 Early 2023"]
[White "Balla, Tamas-Kristof"]
[Black "Osinovsky, Stepan"]
[WhiteFideId "1208497"]
[BlackFideId "4157354"]
[WhiteElo "2467"]
[BlackElo "2303"]
[Result "0-1"]
[Round "8"]
[TimeControl "180+2"]
[Date "2023.07.04"]
[WhiteClock "0:00:31"]
[BlackClock "0:00:14"]
[Board "138"]

1. e4 e6 2. d4 d5 3. Nd2 Nc6 4. c3 Nf6 5. e5 Nd7 6. Bd3 b6 7. f4 a5 8. Qe2 Bb7 9. Ngf3 f5 10. exf6 Qxf6 11. Ne5 Ndxe5 12. fxe5 Qh4+ 13. g3 Qh3 14. Nf3 Be7 15. Bf4 Qh5 16. h3 g5 17. Be3 g4 18. Ng1 O-O-O 19. O-O-O Nxe5 20. dxe5 d4 21. Ba6 dxe3 22. Bxb7+ Kxb7 23. Rxd8 Rxd8 24. Qxe3 Bg5 0-1


[Site "https://www.chess.com"]

[Event "Titled Tuesday Blitz July 4 Early 2023"]
[White "Schut, Han"]
[Black "Nunez V, Gustavo Eduardo"]
[WhiteFideId "1005561"]
[BlackFideId "4403690"]
[WhiteElo "2302"]
[BlackElo "2466"]
[Result "0-1"]
[Round "8"]
[TimeControl "180+2"]
[Date "2023.07.04"]
[WhiteClock "0:00:24"]
[BlackClock "0:02:07"]
[Board "139"]

1. e4 c5 2. Nf3 Nc6 3. d4 cxd4 4. Nxd4 e5 5. Nb5 a6 6. Nd6+ Bxd6 7. Qxd6 Qf6 8. Qd2 Nge7 9. Nc3 O-O 10. Bd3 d6 11. O-O Qg6 12. f4 f5 13. exf5 Bxf5 14. Bxf5 Rxf5 15. Nd5 Raf8 16. g3 Kh8 17. c3 Nxd5 18. Qxd5 exf4 19. Qe4 fxg3 20. Rxf5 gxh2+ 21. Kxh2 Rxf5 0-1


[Site "https://www.chess.com"]

[Event "Titled Tuesday Blitz July 4 Early 2023"]
[White "Sukandar, Irine Kharisma"]
[Black "Samarth J Rao"]
[WhiteFideId "7101937"]
[BlackFideId "46652370"]
[WhiteElo "2453"]
[BlackElo "2259"]
[Result "0-1"]
[Round "8"]
[TimeControl "180+2"]
[Date "2023.07.04"]
[WhiteClock "0:00:14"]
[BlackClock "0:01:37"]
[Board "141"]

1. d4 e6 2. Bf4 b6 3. e3 Bb7 4. Nf3 f5 5. h3 Nf6 6. Bd3 Be7 7. O-O O-O 8. Re1 h6 9. c4 d6 10. Nc3 Nbd7 11. e4 g5 12. exf5 gxf4 13. fxe6 Nb8 14. d5 c6 15. Qd2 cxd5 16. Qxf4 Kg7 17. Qg3+ Kh8 18. Qg6 dxc4 19. Qxh6+ Kg8 20. Bc2 Qe8 21. Ng5 Qh5 22. Bh7+ Kh8 23. Nf7+ Rxf7 24. Qxh5 Rxh7 25. Qe8+ Nxe8 0-1


[Site "https://www.chess.com"]

[Event "Titled Tuesday Blitz July 4 Early 2023"]
[White "Dobre, Claudiu-Cristian"]
[Black "VoicelessFeather"]
[WhiteFideId "1211854"]
[WhiteElo "2453"]
[BlackElo "2229"]
[Result "1/2-1/2"]
[Round "8"]
[TimeControl "180+2"]
[Date "2023.07.04"]
[WhiteClock "0:00:15"]
[BlackClock "0:00:21"]
[Board "142"]

1. e4 e5 2. Nf3 Nc6 3. d4 exd4 4. Nxd4 Nf6 5. Nxc6 bxc6 6. Nd2 d5 7. exd5 cxd5 8. Bb5+ Bd7 9. Bxd7+ Qxd7 10. O-O Be7 11. b3 O-O 12. Bb2 c5 13. Nf3 d4 14. Re1 Bd6 15. h3 Rfe8 16. Qd3 h6 17. c3 dxc3 18. Qxc3 Bf8 19. Rad1 Rxe1+ 20. Qxe1 Qf5 21. Bxf6 Qxf6 22. Qe5 Qxe5 23. Nxe5 Re8 24. Nc4 Re2 25. Rd2 Re1+ 26. Kh2 Be7 27. Rd7 Bh4 28. g3 Bf6 29. Rxa7 Re2 30. Kg1 Bd4 31. Ra8+ Kh7 32. Ne3 Re1+ 33. Kg2 Bxe3 34. fxe3 Rxe3 35. Ra5 Rc3 36. g4 Kg6 37. h4 f6 38. Rb5 Rc2+ 39. Kg3 Rxa2 40. Rxc5 Rb2 41. h5+ Kf7 42. Rc3 Re2 43. Kf3 Re5 44. b4 Rb5 45. Rc4 f5 46. Rf4 g6 47. hxg6+ Kxg6 48. gxf5+ Rxf5 49. Kg4 h5+ 50. Kf3 Rb5 51. Rc4 Kg5 52. Rc5+ Rxc5 53. bxc5 Kf6 54. Kf4 Ke6 55. Kg5 Kd5 56. Kxh5 Kxc5 1/2-1/2


[Site "https://www.chess.com"]

[Event "Titled Tuesday Blitz July 4 Early 2023"]
[White "Gomez Barrera, Javiera Belen"]
[Black "Thiel, Thomas"]
[WhiteFideId "3418723"]
[BlackFideId "4615964"]
[WhiteElo "2451"]
[BlackElo "2225"]
[Result "1-0"]
[Round "8"]
[TimeControl "180+2"]
[Date "2023.07.04"]
[WhiteClock "0:00:04"]
[BlackClock "0:00:00"]
[Board "143"]

1. e4 d5 2. exd5 Nf6 3. Bb5+ Nbd7 4. Nc3 a6 5. Be2 Nb6 6. d4 Nbxd5 7. Nxd5 Nxd5 8. c4 Nf6 9. Nf3 g6 10. O-O Bg7 11. Re1 O-O 12. h3 Bf5 13. Be3 c6 14. Qb3 b5 15. Ne5 Rc8 16. Rac1 Nd7 17. Nxd7 Qxd7 18. Red1 Rfd8 19. d5 bxc4 20. Bxc4 cxd5 21. Rxd5 Qe8 22. Rxd8 Rxd8 23. Bxa6 Rb8 24. Qc4 Be6 25. Qc7 Ra8 26. Rd1 Bxb2 27. a4 Kg7 28. Bb5 Qf8 29. Qc2 Bf6 30. Bd4 Bxd4 31. Rxd4 Rc8 32. Qb2 f6 33. Re4 Bf5 34. Re1 Rc2 35. Qb4 e5 36. Qxf8+ Kxf8 37. Rd1 Ke7 38. Bd3 Bxd3 39. Rxd3 Ra2 40. Rb3 Rxa4 41. Rb7+ Ke6 42. Rxh7 Kf5 43. Kh2 g5 44. Rb7 g4 45. hxg4+ Rxg4 46. f3 Rd4 47. Kg3 Rd3 48. Rb6 Rd4 49. Kf2 Rd3 50. Ke2 Rd4 51. Ra6 Rc4 52. Ke3 Rd4 53. g4+ Kg6 54. Rc6 Kg5 55. Rc8 Ra4 56. Rg8+ Kh6 57. Kf2 1-0


[Site "https://www.chess.com"]

[Event "Titled Tuesday Blitz July 4 Early 2023"]
[White "Marn, Jan"]
[Black "Floresvillar Gonzalez, Luis Migu"]
[WhiteFideId "14619245"]
[BlackFideId "5100542"]
[WhiteElo "2442"]
[BlackElo "2101"]
[Result "1-0"]
[Round "8"]
[TimeControl "180+2"]
[Date "2023.07.04"]
[WhiteClock "0:00:54"]
[BlackClock "0:00:11"]
[Board "144"]

1. e4 c6 2. Nf3 d5 3. Nc3 Bg4 4. h3 Bxf3 5. Qxf3 e6 6. a3 Nd7 7. Be2 Bd6 8. O-O Ngf6 9. d4 dxe4 10. Nxe4 Nxe4 11. Qxe4 Nf6 12. Qh4 Bc7 13. Bg5 Qd6 14. g3 Bd8 15. c4 h6 16. Rad1 O-O 17. Bxf6 Bxf6 18. Qe4 Rad8 19. Bd3 g6 20. Bc2 Kg7 21. h4 h5 22. Rd2 Bxd4 23. Rfd1 c5 24. Kg2 Qc6 25. Qxc6 bxc6 26. b4 e5 27. f4 f6 28. fxe5 fxe5 29. Be4 cxb4 30. axb4 Rb8 31. Rb1 c5 32. b5 Rf6 33. Ra2 Rf7 34. Bd5 Re7 35. Re1 Rb6 36. Ra6 Rxa6 37. bxa6 Rd7 38. Rb1 Rd6 39. Rb7+ Kf6 40. Rxa7 Bc3 41. Rf7# 1-0


[Site "https://www.chess.com"]

[Event "Titled Tuesday Blitz July 4 Early 2023"]
[White "Sanchez, Robert"]
[Black "Csonka, Balazs"]
[WhiteFideId "2034360"]
[BlackFideId "742910"]
[WhiteElo "2167"]
[BlackElo "2728"]
[Result "0-1"]
[Round "8"]
[TimeControl "180+2"]
[Date "2023.07.04"]
[WhiteClock "0:01:13"]
[BlackClock "0:00:29"]
[Board "145"]

1. e4 c5 2. Nf3 Nc6 3. d4 cxd4 4. Nxd4 Qb6 5. Nb3 Nf6 6. Nc3 e6 7. Be3 Qc7 8. Bd3 a6 9. f4 b5 10. a3 d6 11. O-O Be7 12. Kh1 O-O 13. Rf3 Rd8 14. Rh3 e5 15. Rg3 exf4 16. Bxf4 Be6 17. Nd5 Bxd5 18. exd5 Ne5 19. Be2 Rac8 20. c3 Qb7 21. Bxe5 dxe5 22. Bf3 e4 23. Bg4 Rxd5 24. Qe2 Rcd8 25. Nd4 Bd6 26. Rh3 g6 27. Rf1 Be5 28. Ne6 fxe6 29. Bxe6+ Kg7 30. Qe3 Rd1 31. Qh6+ Kh8 32. Kg1 0-1


[Site "https://www.chess.com"]

[Event "Titled Tuesday Blitz July 4 Early 2023"]
[White "Czerw, Dawid"]
[Black "Makhmudov, Shukhrat"]
[WhiteFideId "1145746"]
[BlackFideId "14200775"]
[WhiteElo "2572"]
[BlackElo "2383"]
[Result "1-0"]
[Round "8"]
[TimeControl "180+2"]
[Date "2023.07.04"]
[WhiteClock "0:01:26"]
[BlackClock "0:01:37"]
[Board "146"]

1. e4 e5 2. Nf3 Nc6 3. Bb5 a6 4. Ba4 Nf6 5. d4 exd4 6. O-O b5 7. Bb3 Be7 8. e5 Ne4 9. Nxd4 Nc5 10. Nxc6 dxc6 11. Qf3 Nxb3 12. axb3 Bb7 13. Qg4 O-O 14. Bh6 g6 15. Bxf8 Bxf8 16. Nc3 Qe7 17. f4 c5 18. Rad1 Rd8 19. Rxd8 Qxd8 20. Rd1 Qe8 21. Qd7 Qa8 22. Rd2 Be4 23. Nd5 c4 24. e6 Bg7 1-0


[Site "https://www.chess.com"]

[Event "Titled Tuesday Blitz July 4 Early 2023"]
[White "Terletsky, Oleg"]
[Black "Adireddy Arjun"]
[WhiteFideId "14116774"]
[BlackFideId "25647709"]
[WhiteElo "2528"]
[BlackElo "2366"]
[Result "1-0"]
[Round "8"]
[TimeControl "180+2"]
[Date "2023.07.04"]
[WhiteClock "0:00:12"]
[BlackClock "0:00:00"]
[Board "147"]

1. e4 c5 2. Nf3 Nc6 3. d4 cxd4 4. Nxd4 e6 5. Nb5 d6 6. c4 Nf6 7. N1c3 a6 8. Na3 Be7 9. Be2 O-O 10. O-O Qa5 11. Bd2 Qe5 12. Qb1 d5 13. cxd5 exd5 14. exd5 Nxd5 15. Bf3 Bxa3 16. Bxd5 Bd6 17. g3 Bf5 18. Qd1 Bb4 19. a3 Bc5 20. Bf4 Qf6 21. Ne4 Bxe4 22. Bxe4 Qxb2 23. Rb1 Qxa3 24. Rxb7 Rad8 25. Qh5 g6 26. Qh6 Nd4 27. Be5 Ne2+ 28. Kh1 Nxg3+ 29. hxg3 1-0


[Site "https://www.chess.com"]